 Dungeon Crawl Stone Soup version 0.18-a0-902-g8738618 (webtiles) character file.

12 Jmtri7 the Charlatan (level 2, 0/21 HPs)
             Began as a Formicid Artificer on Dec 25, 2015.
             Shot with an arrow by a centaur (8 damage)
             ... on level 9 of the Dungeon.
             The game lasted 00:01:44 (192 turns).

Jmtri7 the Charlatan (Formicid Artificer)            Turns: 192, Time: 00:01:44

Health: 0/21       AC:  8    Str: 15    XL:     2   Next: 45%
Magic:  5/5        EV:  6    Int: 11    God:
Gold:   44         SH:  0    Dex: 11    Spells: 0 memorised, 1 level left

rFire  . . .     SeeInvis +     a - +0 short sword
rCold  . . .     Gourm    .     h - +0 chain mail
rNeg   . . .     Faith    .     (no shield)
rPois  .         Spirit   .     (helmet unavailable)
rElec  .         Dismiss  .     (no cloak)
rCorr  .         Reflect  .     (no gloves)
SustAt +         Harm     .     (no boots)
MR     .....                    (no amulet)
Stlth  ..........               (no ring)
                                g - ring of sustain attributes

@: not resistant to hostile enchantments, extremely unstealthy
A: permanent stasis, dig shafts and tunnels, four strong arms, antennae 3
a: Dig, Shaft Self


You were on level 9 of the Dungeon.
You were not hungry.

You visited 1 branch of the dungeon, and saw 6 of its levels.

You collected 44 gold pieces.

Inventory:

Hand Weapons
 a - a +0 short sword (weapon)
Armour
 h - a +0 chain mail (worn)
Jewellery
 g - a ring of sustain attributes (left hand)
Wands
 c - a wand of flame (15/48)
 d - a wand of enslavement (10/24)
 e - a wand of random effects (15/48)
Potions
 i - a potion of mutation {unknown}
Comestibles
 f - a bread ration


   Skills:
 - Level 1.1 Fighting
 - Level 1.0 Short Blades
 - Level 1.7 Dodging
 - Level 1.2 Stealth
 + Level 4.1 Evocations


You had one spell level left.
You didn't know any spells.

Dungeon Overview and Level Annotations

Branches:
Dungeon (7/15)
 Temple: D:4-7

Altars:
Ru


Innate Abilities, Weirdness & Mutations

You are under a permanent stasis effect.
You can dig through walls and to a lower floor.
Your four strong arms can wield two-handed weapons with a shield.
You have a pair of large antennae on your head (SInv).


Message History

Aim: an ice beast (chance to defeat MR: 54%)
The ice beast resists with significant effort.
This wand has 12 charges left.
The ice beast hits you but does no damage.
Zapping:
d - a wand of enslavement (12/24)
Press: ? - help, Shift-Dir - straight line, f/p - ice beast
Aim: an ice beast (chance to defeat MR: 54%)
The ice beast resists with significant effort.
This wand has 11 charges left.
The ice beast hits you. The ice beast freezes you!
Zapping:
d - a wand of enslavement (11/24)
Press: ? - help, Shift-Dir - straight line, f/p - ice beast
Aim: an ice beast (chance to defeat MR: 54%)
The ice beast is charmed.
This wand has 10 charges left.
A centaur comes into view.
The centaur shouts!
The centaur wields a shortbow.
The centaur shoots an arrow.
The arrow hits you.
You see here an arrow.
The centaur shoots an arrow.
The arrow hits you!
You die...

♣.♣ ♣♣♣ .>...
#♣.♣# ♣ .....
♣♣...♣♣♣...
..###
♣.......... ..#
♣♣...♣♣♣... ..#
#♣.♣# ♣ ..# ♣Y♣
#♣(♣# ♣.@.♣
...............
............c..
...............
...............
..#############
..


You could see a centaur and a friendly ice beast.

Vanquished Creatures
  A giant cockroach (D:7)
1 creature vanquished.

Vanquished Creatures (collateral kills)
  A worker ant (D:9)
1 creature vanquished.

Grand Total: 2 creatures vanquished

Notes
Turn   | Place    | Note
--------------------------------------------------------------
     0 | D:1      | Jmtri7 the Formicid Artificer began the quest for the Orb.
     0 | D:1      | Reached XP level 1. HP: 15/15 MP: 3/3
     3 | D:1      | You fall through a shaft!
     7 | D:2      | You fall through a shaft!
    13 | D:3      | You fall through a shaft!
    42 | D:4      | Noticed a centaur skeleton
    66 | D:4      | You fall through a shaft for 3 floors!
   143 | D:7      | Found a sacrificial altar of Ru.
   143 | D:7      | Noticed an orc wizard
   146 | D:7      | You fall through a shaft for 2 floors!
   160 | D:9      | Noticed an ice beast
   162 | D:9      | Noticed a worker ant
   164 | D:9      | Killed a worker ant
   164 | D:9      | Reached skill level 4 in Evocations
   164 | D:9      | Reached XP level 2. HP: 18/21 MP: 5/5
   191 | D:9      | Noticed a centaur
   192 | D:9      | Shot with an arrow by a centaur

Vault maps used:
D:1:      tarquinn_simple_flora_water_c, kennysheep_pointless_box
D:2:      minitemple, ecumenical_altar_1, trog_three_pillars_becter,
          uniq_natasha, uniq_jessica
D:3:      tso_oasis_becter, first_bread, uniq_terence, uniq_iyjb, uniq_grinder
D:4:      gammafunk_temple_overflow_statue
D:7:      nicolae_ru_great_annihilating_truth
D:9:      enter_bailey_8, david_nohive_1, serial_bayou_lagoon_a,
          minmay_stone_trees_large

Action                   || total
-------------------------++-------
Melee: Short sword       ||     6
 Abil: Shaft Self        ||     5
       Dig               ||     1
Evoke: Wand              ||     5
